 Dungeon Crawl Stone Soup version 0.27.0-66-gdc8fb28755 (webtiles) character file.

Game seed: 12966551068330406027

39 Spectrina the Covert (level 3, -11/22 HPs)
             Began as a Vampire Delver on Aug 20, 2021.
             Killed by divine providence
             ... invoked by an orc priest
              (13 damage)
             ... on level 3 of the Dungeon.
             The game lasted 00:02:46 (271 turns).

Spectrina the Covert (Vampire Delver)                Turns: 271, Time: 00:02:47

Health: -11/22     AC:  0    Str:  9 (11) XL:     3   Next: 28%
Magic:  1/3        EV: 19    Int: 10 (12) God:
Gold:   26         SH:  0    Dex: 19 (21) Spells: 2/2 levels left

rFire    . . .     SeeInvis +   (weapon currently unavailable)
rCold    + + .     Faith    .   (shield currently unavailable)
rNeg     + + +     Spirit   .   (armour currently unavailable)
rPois    ∞         Reflect  .   (helmet currently unavailable)
rElec    .         Harm     .   (cloak currently unavailable)
rCorr    .         Rampage  .   (gloves currently unavailable)
Will     .....                  (boots currently unavailable)
Stlth    ++++++....             (no amulet)
HPRegen  0.00/turn              (ring currently unavailable)
MPRegen  0.08/turn              (ring currently unavailable)

@: bat-form, flying, bloodless, inhibited regen, very quick
A: fast, flying, no casting, bloodless, tiny, fangs 3, see invisible, vampiric 2
a: Revivify, End Transformation


You were on level 3 of the Dungeon.
You were a vampire bat.
You visited 1 branch of the dungeon, and saw 3 of its levels.

You collected 26 gold pieces.

Inventory:

Hand Weapons
 a - a +0 short sword
 o - a +1 vampiric dagger (melded)
Missiles
 i - 42 stones
 l - 2 poisoned darts (quivered)
 m - 17 bolts
Armour
 b - a +0 leather armour
 k - +0 steam dragon scales (melded)
Wands
 g - a wand of digging (3)
 h - a wand of iceblast (7)
Scrolls
 c - a scroll of fog
 d - a scroll of magic mapping
 e - a scroll of fear
 j - a scroll of identify {unknown}
Potions
 f - a potion of haste
 n - a potion of curing {unknown}


   Skills:
 - Level 2.6 Fighting
 - Level 2.1 Short Blades
 - Level 2.1 Dodging
 + Level 8.9 Stealth


You had 2 spell levels left.
You didn't know any spells.
Your spell library contained the following spells:

 Spells                   Type           Power      Damage    Failure   Level
 Gell's Gravitas          Tloc           0%         N/A       75%         3
 Ignite Poison            Fire/Tmut/Pois 0%         N/A       75%         3
 Lesser Beckoning         Tloc           0%         N/A       75%         3
 Mephitic Cloud           Conj/Pois/Air  0%         N/A       75%         3
 Teleport Other           Tloc           0%         N/A       75%         3
 Bolt of Magma            Conj/Fire/Erth 0%         4d4       100%        5


Dungeon Overview and Level Annotations

Branches:
Dungeon (5/15)
 Temple: D:4-7

Altars:


Innate Abilities, Weirdness & Mutations

You are a vampire bat.
You are tiny and dextrous.
You move quickly.
You are flying.
Your equipment is almost entirely melded.
You are incapable of wielding weapons or throwing items.
You cannot cast spells.
You do not regenerate when monsters are visible.
You are frail without blood (-20% HP).
You can heal yourself when you bite living creatures.
You are immune to poison.
You have razor-sharp teeth.
You have supernaturally acute eyesight. (SInv)
You are afflicted with vampirism and can become a bat while bloodless.


Message History

* * * LOW HITPOINT WARNING * * *
You hit the orc.
You kill the orc!
You hit the goblin.
The goblin is moderately wounded.
The goblin hits you but does no damage.
You hit the goblin. You bite the goblin.
You kill the goblin!
You hit the hobgoblin.
The hobgoblin is severely wounded.
The hobgoblin hits you.
* * * LOW HITPOINT WARNING * * *
You hit the hobgoblin.
You kill the hobgoblin!
Items here: ))))) †††.
o - a +1 vampiric dagger You feel a bloodthirsty glee!
o - a +1 vampiric dagger (weapon)
There is an open door here.
An orc priest comes into view. It is wielding a +0 club.
Unknown command.
There is an open door here.
The orc priest shouts!
You hear a shout!
Items here: )))) †††.
You close the door.
Something unseen opens the door.
A goblin comes into view. It is wielding a +0 club.
The goblin moves out of view.
Okay, then.
You turn into a vampire bat.
Your +1 vampiric dagger melds into your body.
Your +0 steam dragon scales melds into your body.
You feel your glee subside.
You feel weakened.
You feel dopey.
You feel clumsy.
Unknown command.
The goblin closely misses you.
The orc priest calls down the wrath of Beogh upon you.
Beogh smites you!
Ouch! That really hurt!
You die...

#....####.......)...#
######.......##..........#
#............##.##.#######
#...........))))...#
#.........###.##.#.#
#.........# #.)..#.#
#.........# ###..#.#
#.........# #..#.#
#.........#####gb..#
....g.....#.....#..#
..........#....##..#
...########....# ..# ...#
#....# ..# ...##### #....#
.># ...'o..# #.o..#####
...###.####........ ...#
#.o....#######


You could see an orc priest and a goblin.

Vanquished Creatures
  Robin (D:3)
  4 orcs (D:3)
  A bat (D:3)
  An endoplasm (D:3)
  8 goblins (D:3)
  3 hobgoblins
  2 kobolds (D:3)
  2 ball pythons (D:3)
22 creatures vanquished.

Notes
Turn   | Place    | Note
-------+----------+-------------------------------------------
     0 | D:5      | Spectrina the Vampire Delver began the quest for the Orb.
     0 | D:5      | Reached XP level 1. HP: 17/17 MP: 1/1
    29 | D:4      | Noticed an orc priest
   145 | D:3      | Reached XP level 2. HP: 18/18 MP: 2/2
   146 | D:3      | Reached skill level 8 in Stealth
   191 | D:3      | Noticed Robin
   210 | D:3      | Killed Robin
   213 | D:3      | Gained mutation: You are afflicted with vampirism and can
                  | become a bat while bloodless. [Vampire growth]
   213 | D:3      | Reached XP level 3. HP: 8/22 MP: 3/3
   271 | D:3      | Killed from afar by an orc priest

Illustrated notes

Levels and vault maps discovered:
D:3:      layout_basic, uniq_robin, uniq_ijyb
D:4:      layout_basic, uniq_blork_the_orc
D:5:      layout_rooms, kennysheep_orc_sif_temple, uniq_edmund

Skill      XL: |  1  2 |
---------------+-------+-----
Stealth        | 8 |  8.9
Fighting       | |  2.6
Short Blades   | |  2.1
Dodging        | |  2.1

Action                   || total
-------------------------++-------
Melee: Short sword       ||    51
       Bite              ||     4
 Abil: Exsanguinate      ||     1
       Bat Form          ||     1
Evoke: Wand              ||     1
 Stab: Sleeping          ||     3
Armor: Steam dragon scal ||    14
Dodge: Dodged            ||    38
